AoeStats
← Maverick

Arena

510748586Analyzed
4v4 RM · 1d ago on Oct 2, 2026· 42m 28s· 8 players
Game mode
Random Map
Map size
Large (8 player)
Population
200
Speed
Normal
Resources
Standard
Victory
Conquest
Starting age
Dark Age
Ending age
Imperial Age
RankedLock teamsTeams togetherTeam positionsShared explorationLock speedFull tech treeHidden civsTurbo modeCheats
Victory
Defeat
🇮🇳 Goths · India
1139
+14
🇹🇼 Britons · Taiwan
1085
+16
🇨🇳 Turks · China
1070
+17
🇹🇼 Teutons · Taiwan
1056
+19
🇮🇳 Armenians · India
1112
-17
🇹🇼 Chinese · Taiwan
1099
-17
🇧🇪 Italians · Belgium
1082
-16
🇮🇳 Romans · India
1077
-16
趣味鸡动哥
11:47 Feudal Age
13:11 Loom
15:50 Castle Age
13:59 Double-Bit Axe
14:12 Horse Collar
17:03 Bow Saw
16:55 Heavy Plow
17:35 Wheelbarrow
21:09 Hand Cart
24:00 Stone Mining
27:02 Gold Mining
29:21 Gold Shaft Mining
28:48 Padded Archer Armor
31:50 Imperial Age
29:06 Town Watch
29:50 Ballistics
30:31 Leather Archer Armor
30:07 Fletching
31:41 Bodkin Arrow
31:54 Elite Janissary
32:55 Conscription
33:07 Ring Archer Armor
34:13 Scale Barding Armor
34:09 Bracer
34:20 Forging
36:06 Treadmill Crane
36:22 Murder Holes
36:38 Masonry
36:38 Fortified Wall
37:24 Chain Barding Armor
37:40 Iron Casting
38:17 Bloodlines
38:08 Husbandry
38:45 Plate Barding Armor
41:34 Blast Furnace
SASAYA
12:44 Feudal Age
11:03 Loom
12:48 Feudal Age
15:02 Wheelbarrow
14:34 Double-Bit Axe
14:44 Horse Collar
17:27 Castle Age
17:36 Forging
17:27 Scale Mail Armor
17:32 Fletching
18:12 Man-at-Arms
18:14 Pikeman
20:10 Bodkin Arrow
21:30 Long Swordsman
24:25 Town Watch
28:33 Iron Casting
28:15 Chain Mail Armor
34:46 Hand Cart
36:05 Scale Barding Armor
35:53 Gold Mining
35:54 Stone Mining
40:25 Padded Archer Armor
40:28 Elite Skirmisher
41:37 Leather Archer Armor
Wick
10:08 Feudal Age
13:53 Castle Age
12:03 Double-Bit Axe
12:48 Horse Collar
14:58 Bow Saw
15:36 Heavy Plow
16:15 Loom
21:12 Town Watch
21:34 Stone Mining
21:35 Gold Mining
24:09 Wheelbarrow
27:33 Imperial Age
25:28 Hand Cart
25:18 Padded Archer Armor
25:25 Gold Mining
25:46 Fletching
26:10 Fortified Wall
25:41 Treadmill Crane
26:01 Crossbowman
27:09 Bodkin Arrow
27:29 Leather Archer Armor
26:47 Elite Skirmisher
27:39 Arbalester
28:35 Bracer
29:28 Leather Archer Armor
29:13 Capped Ram
30:45 Ring Archer Armor
31:14 Pikeman
31:54 Squires
31:40 Arson
32:07 Forging
31:57 Scale Mail Armor
32:39 Gambesons
33:33 Forging
33:23 Scale Mail Armor
33:45 Conscription
34:54 Yeomen
36:08 Iron Casting
35:48 Chain Mail Armor
36:17 Scale Barding Armor
36:09 Halberdier
36:10 Man-at-Arms
37:51 Blast Furnace
37:35 Siege Engineers
38:31 Chemistry
37:32 Long Swordsman
38:21 Two-Handed Swordsman
40:29 Plate Mail Armor
40:02 Warwolf
40:56 Chain Barding Armor
40:47 Town Patrol
41:56 Two-Man Saw
43:05 Plate Barding Armor
42:00 Champion
43:04 Ballistics
42:34 Guard Tower
42:40 Murder Holes
42:56 Masonry
恨海情天
10:28 Feudal Age
15:37 Castle Age
13:55 Double-Bit Axe
21:37 Wheelbarrow
23:50 Bow Saw
23:26 Horse Collar
24:18 Heavy Plow
24:25 Loom
26:39 Hand Cart
27:54 Forging
27:44 Scale Mail Armor
31:16 Imperial Age
29:51 Iron Casting
29:31 Chain Mail Armor
29:06 Town Watch
30:43 Anarchy
31:16 Masonry
30:47 Treadmill Crane
31:19 Masonry
31:01 Pikeman
31:41 Squires
31:47 Man-at-Arms
33:05 Crop Rotation
33:40 Two-Man Saw
33:42 Blast Furnace
32:46 Long Swordsman
34:01 Conscription
34:09 Elite Huskarl
34:39 Two-Handed Swordsman
35:36 Champion
Maverick
11:37 Feudal Age
15:24 Castle Age
13:28 Horse Collar
13:49 Double-Bit Axe
14:30 Gold Mining
14:42 Loom
14:55 Stone Mining
16:47 Wheelbarrow
21:28 Hand Cart
23:18 Heavy Plow
23:29 Bow Saw
25:09 Town Watch
29:26 Imperial Age
28:41 Gold Shaft Mining
27:37 Man-at-Arms
28:03 Gambesons
28:20 Squires
28:24 Long Swordsman
28:52 Arson
29:21 Forging
29:11 Scale Mail Armor
29:09 Two-Handed Swordsman
29:12 Pikeman
30:36 Conscription
30:30 Fereters
31:17 Iron Casting
31:29 Champion
32:49 Fervor
33:00 Sanctity
34:16 Chain Mail Armor
35:42 Blast Furnace
34:33 Fletching
36:06 Plate Mail Armor
35:28 Fletching
37:17 Hoardings
39:22 Ballistics
38:58 Murder Holes
39:13 Masonry
38:44 Treadmill Crane
39:17 Fortified Wall
40:21 Masonry
41:12 Chemistry
Avalon
11:14 Feudal Age
11:47 Double-Bit Axe
12:39 Wheelbarrow
13:08 Loom
16:00 Castle Age
14:24 Stone Mining
14:17 Horse Collar
vandut92
11:13 Feudal Age
12:52 Wheelbarrow
16:20 Castle Age
14:05 Horse Collar
14:29 Double-Bit Axe
17:07 Heavy Plow
17:23 Bow Saw
17:34 Loom
18:05 Loom
24:35 Imperial Age
22:09 Stone Mining
22:18 Gold Mining
22:43 Fletching
22:59 Loom
23:52 Bodkin Arrow
25:31 Bracer
25:41 Thumb Ring
27:45 Two-Man Saw
26:55 Padded Archer Armor
27:25 Ballistics
29:39 Chemistry
31:06 Elite Skirmisher
35:18 Hand Cart
34:49 Town Watch
38:45 Leather Archer Armor
harry841110
0:27 Loom
10:00 Feudal Age
10:54 Double-Bit Axe
11:16 Horse Collar
18:19 Castle Age
19:07 Stone Mining
19:09 Gold Mining
21:16 Bow Saw
21:32 Heavy Plow
22:13 Gold Shaft Mining
23:23 Wheelbarrow
23:32 Stone Shaft Mining
23:32 Forging
23:16 Fletching
24:32 Town Watch
30:02 Imperial Age
27:48 Hand Cart
27:42 Padded Archer Armor
27:38 Bodkin Arrow
28:12 Town Patrol
29:32 Leather Archer Armor
32:06 Two-Man Saw
31:34 Conscription
32:34 Ballistics
33:16 Chemistry
32:35 Bracer
33:05 Ring Archer Armor
31:59 Elite Chu Ko Nu
33:23 Crossbowman
34:09 Thumb Ring
35:25 Masonry
34:42 Arbalester
36:31 Scale Barding Armor
36:36 Forging
37:18 Bloodlines
36:53 Light Cavalry
37:34 Husbandry
37:03 Cavalier
40:51 Chain Barding Armor
41:06 Iron Casting
Connection lost

Rejoining the realm…

Still unreachable

The connection could not be restored.

Session expired

The server has moved on; the page needs a fresh start.